Construct Section Command Post
Construct Field Infirmary
Construct Platoon Command Post
6-pounder Anti-tank Gun Team
Selects Heavy Armor Battlegroup
Selects Rigorous Vehicle Training
Selects Light Vehicle Withdraw and Refit
6-pounder Anti-tank Gun Team
Light Vehicle Withdraw and Refit
Construct Company Command Post
Selects Designate Targets
Selects Forward Repair Assembly
Light Vehicle Withdraw and Refit
Selects Churchill Black Prince Heavy Tank
6-pounder Anti-tank Gun Team
6-pounder Anti-tank Gun Team
6-pounder Anti-tank Gun Team
Churchill Black Prince Heavy Tank
6-pounder Anti-tank Gun Team